 Dungeon Crawl Stone Soup version 0.30-a0-341-g682706514a (webtiles) character file.

Game seed: 5769229954269018685

107 NinjaNoafa the Ruffian (level 4, 0/36 HPs)
             Began as a Troll Gladiator on Nov 3, 2022.
             Slain by Sigmund
             ... wielding a +0 scythe
              (3 damage)
             ... on level 2 of the Dungeon.
             The game lasted 00:02:04 (1222 turns).

NinjaNoafa the Ruffian (Troll Gladiator)            Turns: 1222, Time: 00:02:04

Health: 0/36       AC:  4    Str: 22    XL:     4   Next: 56%
Magic:  3/3        EV: 10    Int:  2    God:
Gold:   36         SH:  0    Dex: 11    Spells: 3/3 levels left

rFire   . . .      SeeInvis .      - Unarmed
rCold   . . .      Faith    .    (no shield)
rNeg    . . .      Spirit   .    a - +0 robe
rPois   .          Reflect  .    b - +0 hat
rElec   .          Harm     .    (no cloak)
rCorr   .          Rampage  .    (gloves unavailable)
Will    .....                    (boots unavailable)
Stlth   +.........               (no amulet)
HPRegen 1.06/turn                (no ring)
MPRegen 0.08/turn                (no ring)

@: attractive
A: large, unfitting armour, claws 3, regeneration 1, shaggy fur 1, tough skin 1,
clumsy 1, dopey 1, frail 1
a: no special abilities


You were on level 2 of the Dungeon.
You visited 1 branch of the dungeon, and saw 2 of its levels.

You collected 36 gold pieces.

Inventory:

Missiles
 c - 2 throwing nets
 d - 6 boomerangs of dispersal
 e - 17 stones
 h - a large rock (quivered)
Armour
 a - a +0 robe (worn)
 b - a +0 hat (worn)
Jewellery
 n - a +6 ring of intelligence
Scrolls
 f - 2 scrolls of identify {unknown}
 g - a scroll of blinking {unknown}
 i - a scroll of enchant weapon {unknown}
 l - 2 scrolls of teleportation {unknown}


   Skills:
 - Level 1.5 Fighting
 - Level 1.7 Throwing
 + Level 3.0 Dodging
 - Level 5.0 Unarmed Combat


You had 3 spell levels left.
You didn't know any spells.
Your spell library was empty.

Dungeon Overview and Level Annotations

Branches:
Dungeon (2/15)

Altars:

Annotations:
D:2 Natasha, Sigmund


Innate Abilities, Weirdness & Mutations

You are too large for most types of armour.
You have claws for hands.
Your natural rate of healing is unusually fast.
You are covered in fur. (AC +1)
You have tough skin. (AC +1)
You are clumsy. (Dex -2)
You are dopey. (Int -2)
You are frail. (-10% HP)


Message History

The adder is almost dead.
You feel sick. The adder barely misses you.
You scratch the adder.
You kill the adder!
You feel sick.
Your Dodging skill increases to level 3!
You barely miss the shadow imp.
You feel sick. The shadow imp barely misses you.
Something is attracted toward you.
You barely miss the shadow imp.
You feel sick.
The shadow imp shouts, "Get thee hence, thou odious flap-mouthed flax-wench!"
The shadow imp hits you. Something hits you.
You closely miss the shadow imp. Your claw misses the shadow imp.
The shadow imp sputters.
The shadow imp barely misses you.
You claw the shadow imp!
The shadow imp is severely wounded.
You feel sick. Something hits you! The shadow imp hits you.
* * * LOW HITPOINT WARNING * * *
You scratch the shadow imp.
The shadow imp is almost dead.
You feel sick.
You are no longer poisoned.
The shadow imp barely misses you. Something hits you but does no damage.
You scratch the shadow imp.
The shadow imp is almost dead.
The shadow imp barely misses you.
You scratch the shadow imp.
You kill the shadow imp!
The shadow imp disappears in a puff of smoke!
Something hits you!
* * * LOW HITPOINT WARNING * * *
You barely miss the crimson imp. You barely miss the crimson imp.
The crimson imp hits you but does no damage.
Something hits you.
* * * LOW HITPOINT WARNING * * *
You scratch the crimson imp.
The crimson imp is moderately wounded.
The crimson imp blinks!
Something hits you.
You die...

+..........#
#..........####
#..............########
#..5...................
#......................
###..........# ##........
.......{ยง....# #......##
....^..l#########......#
....####@......##......##
. +.......########..
#.......# #.. #.......#
#.. ##'###### #..
########.## ###
#.........# #.######..#
#.# #..#


You could see a crimson imp (summoned) and a frilled lizard.

Vanquished Creatures
  Terence (D:2)
  Robin (D:2)
  2 adders (D:2)
  A worm (D:2)
  6 ball pythons
  5 bats
  3 endoplasms
  A giant cockroach (D:2)
  6 goblins
  10 hobgoblins
  2 kobolds (D:2)
  2 quokkas (D:1)
  3 rats (D:1)
43 creatures vanquished.

Notes
Turn   | Place    | Note
-------+----------+-------------------------------------------
     0 | D:1      | NinjaNoafa the Troll Gladiator began the quest for the Orb.
     0 | D:1      | Reached XP level 1. HP: 19/19 MP: 0/0
   135 | D:1      | Reached XP level 2. HP: 27/27 MP: 1/1
   331 | D:1      | Reached skill level 4 in Unarmed Combat
   541 | D:2      | Reached XP level 3. HP: 33/33 MP: 2/2
   567 | D:2      | Noticed Terence
   581 | D:2      | Killed Terence
   761 | D:2      | Reached skill level 5 in Unarmed Combat
   761 | D:2      | Reached XP level 4. HP: 41/41 MP: 3/3
   959 | D:2      | Noticed Robin
   981 | D:2      | Killed Robin
  1080 | D:2      | Found a faded altar of an unknown god.
  1194 | D:2      | Noticed Sigmund
  1195 | D:2      | Noticed Natasha
  1205 | D:2      | Gained mutation: You are frail. (-10% HP) [potion of
                  | mutation]
  1205 | D:2      | Gained mutation: You are dopey. (Int -2) [potion of
                  | mutation]
  1205 | D:2      | Gained mutation: You are clumsy. (Dex -2) [potion of
                  | mutation]
  1222 | D:2      | Slain by Sigmund

Illustrated notes

Levels and vault maps discovered:
D:1:      dpeg_arrival_fog, layout_rooms, serial_park_tiny_1
D:2:      layout_basic, ebering_ecumenical_altar_abandoned, uniq_natasha,
          uniq_robin, uniq_terence, uniq_sigmund

Skill      XL: |  1  2  3  4 |
---------------+-------------+-----
Unarmed Combat | 4 5 |  5.0
Dodging        | 3 |  3.0
Fighting       | |  1.5
Throwing       | |  1.7

Action                   |  1- 3 |  4- 6 || total
-------------------------+-------+-------++-------
Melee: Unarmed           |    69 |    46 ||   115
       Punch             |     1 |       ||     1
Throw: Large rock        |     6 |       ||     6
       Throwing net      |     1 |       ||     1
  Use: Potion            |       |     3 ||     3
 Stab: Sleeping          |     1 |       ||     1
Armor: Robe              |    17 |    13 ||    30
Dodge: Dodged            |    39 |    30 ||    69

Table legend: (Time is in decaauts)
 A = Elapsed time spent in this place.
 B = Non-inter-level travel time spent in this place.
 C = Inter-level travel time spent in this place.
 D = Time resting spent in this place.
 E = Time spent auto-exploring this place.
 F = Levels seen in this place.
 G = Mean time per level.
                   A        B        C        D        E       F      G
               +--------+--------+--------+--------+--------+-----+--------+
         Total |   1218 |   1175 |     43 |      0 |    895 |   2 |  609.0 |
       Dungeon |   1218 |   1175 |     43 |      0 |    895 |   2 |  609.0 |
               +--------+--------+--------+--------+--------+-----+--------+

Top non-repeatable levels by time:
     D:2: 701 daAuts
     D:1: 516 daAuts
